 Dungeon Crawl Stone Soup version 0.20-a0-390-g4892b34 (webtiles) character file.

1104 Kareekexe the Ogre Mage (level 8, -4/80 HPs)
             Began as an Ogre Wizard on Dec 30, 2016.
             Slain by a wight
             ... wielding a +3 great sword
              (9 damage)
             ... on level 5 of the Dungeon.
             The game lasted 00:22:54 (6474 turns).

Kareekexe the Ogre Mage (Ogre Wizard)               Turns: 6474, Time: 00:22:55

Health: -4/80      AC:  3    Str: 12    XL:     8   Next: 32%
Magic:  17/17      EV: 10    Int: 21    God:
Gold:   201        SH:  0    Dex:  7    Spells: 9/19 levels left

rFire  . . .     SeeInvis .     y - +0 flail
rCold  . . .     Gourm    .     q - +0 robe {Archmagi}
rNeg   + . .     Faith    .     (no shield)
rPois  .         Spirit   .     b - +0 hat
rElec  .         Reflect  .     (no cloak)
rCorr  .         Harm     .     (gloves unavailable)
MR     .....                    (boots unavailable)
Stlth  +.........               (no amulet)
                                (no ring)
                                o - ring of positive energy

@: drained
A: unfitting armour, tough skin 1
a: no special abilities


You were on level 5 of the Dungeon.
You were not hungry.

You visited 1 branch of the dungeon, and saw 6 of its levels.

You collected 201 gold pieces.

Inventory:

Hand Weapons
 l - a +0 whip
 s - a +0 blowgun
 y - a +0 flail (weapon)
 C - a +0 giant club
Missiles
 t - 8 poisoned needles
Armour
 b - a +0 hat (worn)
 q - a +0 robe of the Archmagi (worn)
Jewellery
 o - a ring of positive energy (left hand)
 B - a +3 ring of dexterity {unknown}
Scrolls
 f - a scroll of fear {unknown}
 g - 4 scrolls of teleportation
 i - 2 scrolls of remove curse {unknown}
 k - a scroll of enchant armour {unknown}
 p - 8 scrolls of identify {unknown}
 r - a scroll of enchant weapon {unknown}
 u - a scroll of random uselessness {unknown}
 v - a scroll of magic mapping {unknown}
Potions
 a - a potion of heal wounds {unknown}
 e - a potion of haste {unknown}
 h - a potion of lignification {unknown}
 m - 3 potions of curing {unknown}
 n - a potion of ambrosia {unknown}
 w - 2 potions of degeneration {unknown}
 x - a potion of might {unknown}
 z - a potion of mutation {unknown}
 D - a potion of agility {unknown}
Books
 c - a book of Minor Magic

   Spells                             Type                      Level
   a - Magic Dart                     Conjuration                  1
   b - Blink                          Translocation                2
   c - Call Imp                       Summoning                    2
   d - Repel Missiles                 Charms/Air                   2
   e - Slow                           Hexes                        2
   f - Conjure Flame                  Conjuration/Fire             3
   g - Mephitic Cloud                 Conjuration/Poison/Air       3
Comestibles
 d - 6 bread rations
 j - 2 meat rations


   Skills:
 + Level 5.3(4.8) Fighting
 + Level 3.4(2.9) Maces & Flails
 + Level 4.1(3.6) Dodging
 - Level 1.4(0.9) Stealth
 - Level 0.1(0.0) Unarmed Combat
 + Level 6.1(5.6) Spellcasting
 + Level 3.8(3.3) Conjurations
 - Level 0.8(0.4) Summonings
 - Level 0.8(0.4) Translocations


You had 9 spell levels left.
You knew the following spells:

 Your Spells              Type           Power        Failure   Level  Hunger
a - Magic Dart            Conj           ####         2%          1    None
b - Blink                 Tloc           N/A          14%         2    None
c - Call Imp              Summ           ##......     14%         2    None
d - Repel Missiles        Chrm/Air       #.....       17%         2    None
e - Mephitic Cloud        Conj/Pois/Air  ###.....     21%         3    ##.....


Dungeon Overview and Level Annotations

Branches:
Dungeon (6/15)             Temple (0/1) D:5

Altars:
Dithmenos
Makhleb
Okawaru
Uskayaw
The Shining One

Annotations:
D:2 1 runed door, exclusion: door


Innate Abilities, Weirdness & Mutations

You are too large for most types of armour.
You have tough skin. (AC +1)


Message History

You partially resist.
You feel drained.
You barely miss the wight.
The wight is almost destroyed.
The wight barely misses you.
You barely miss the wight.
The wight is almost destroyed.
The wight closely misses you.
You hit the wight but do no damage.
The wight is almost destroyed.
The wight hits you with an enchanted great sword!
* * * LOW HITPOINT WARNING * * *
You closely miss the wight.
The wight is almost destroyed.
The wight hits you with an enchanted great sword!
* * * LOW HITPOINT WARNING * * *
Unknown command.
You hit the wight but do no damage.
The wight is almost destroyed.
The wight hits you with an enchanted great sword!
You die...

########### ..
..........# #
........#.#
################.#.#
..Zl...............#
################.###
....##.........#)#
###.##.#######.#z#
#.....#....#.#@#
####.........#.#
#.......#.#.#######.
#.#########..)......
#...................
###################.


You could see a wight.

Vanquished Creatures
  Grinder (D:5)
  Sigmund (D:2)
  2 ogres (D:5)
  A centaur (D:5)
  A wight (D:5)
  A howler monkey (D:4)
  A bullfrog zombie (D:5)
  A hound (D:4)
  An orc wizard (D:5)
  Ijyb (D:2)
  An iguana (D:4)
  2 worker ants
  A hound skeleton (D:4)
  8 gnolls
  9 adders
  A shadow imp (D:5)
  2 oozes
  3 worms
  3 dart slugs (D:1)
  4 leopard geckos
  3 orcs (D:5)
  A giant cockroach (D:1)
  6 goblins
  3 hobgoblins
  7 jackals
  2 quokkas (D:2)
  2 ball pythons
  7 bats
  6 frilled lizards
  A goblin skeleton (D:5)
  2 goblin zombies (D:5)
  A hobgoblin zombie (D:5)
  A jackal skeleton (D:5)
  A jackal zombie (D:6)
  12 kobolds
  3 kobold skeletons (D:5)
  An orc skeleton (D:5)
  11 rats
115 creatures vanquished.

Notes
Turn   | Place    | Note
-------+----------+-------------------------------------------
     0 | D:1      | Kareekexe the Ogre Wizard began the quest for the Orb.
     0 | D:1      | Reached XP level 1. HP: 16/16 MP: 5/5
   275 | D:1      | Reached skill level 4 in Spellcasting
   323 | D:1      | Reached XP level 2. HP: 22/24 MP: 0/7
   453 | D:1      | Reached skill level 1 in Conjurations
   999 | D:1      | Reached skill level 1 in Fighting
   999 | D:1      | Reached XP level 3. HP: 29/33 MP: 3/8
  1264 | D:1      | Learned a level 2 spell: Blink
  1267 | D:1      | Learned a level 2 spell: Call Imp
  1270 | D:1      | Learned a level 2 spell: Repel Missiles
  1274 | D:1      | Learned a level 3 spell: Mephitic Cloud
  1548 | D:2      | Found a runed door.
  1685 | D:2      | Reached XP level 4. HP: 37/42 MP: 2/10
  2037 | D:2      | Noticed Ijyb
  2074 | D:2      | Killed Ijyb
  2313 | D:2      | Found a shadowy altar of Dithmenos.
  2511 | D:2      | Noticed Sigmund
  2626 | D:2      | Killed Sigmund
  2626 | D:2      | Reached skill level 1 in Maces & Flails
  2626 | D:2      | Reached skill level 5 in Spellcasting
  2626 | D:2      | Reached XP level 5. HP: 46/53 MP: 8/12
  2626 | D:2      | Reached XP level 6. HP: 53/61 MP: 8/13
  2754 | D:3      | Found a burning altar of Makhleb.
  3477 | D:4      | Found an iron altar of Okawaru.
  3616 | D:4      | Reached XP level 7. HP: 67/68 MP: 3/14
  3750 | D:4      | Found a hide-covered altar of Uskayaw.
  3750 | D:4      | Noticed a hand axe
  3750 | D:4      | Noticed a hand axe
  4225 | D:5      | Entered Level 5 of the Dungeon
  4493 | D:5      | Found a glowing golden altar of the Shining One.
  4497 | D:5      | Noticed Grinder
  4846 | D:5      | Paralysed by Grinder for 4 turns
  4851 | D:5      | Killed Grinder
  4851 | D:5      | Reached XP level 8. HP: 51/79 MP: 16/16
  5179 | D:6      | Reached skill level 5 in Fighting
  5186 | D:5      | HP: 1/80 [bullfrog (7)]
  5674 | D:5      | Found a staircase to the Ecumenical Temple.
  6199 | D:5      | Reached skill level 6 in Spellcasting
  6474 | D:5      | Slain by a wight

Vault maps used:
D:1:      dpeg_arrival_leaves_temple_mockup
D:2:      first_bread, grunt_dithmenos_smoke_and_mirrors,
          uniq_crazy_yiuf_cottage, uniq_sigmund, uniq_iyjb
D:3:      overflow_temple_1_default
D:4:      old_standard_altar, dancing_weapons_uskayaw
D:5:      nicolae_tso_besieged_by_evil, uniq_grinder
D:6:      kennysheep_mini, vehumet_statue, kennysheep_little_box

Skill      XL: |  1  2  3  4  5  6  7  8 |
---------------+-------------------------+-----
Spellcasting   | 4 5 6 |  6.1
Conjurations   | 1 2 3 |  3.8
Dodging        | 2 3 4 |  4.1
Fighting       | 1 3 4 5 |  5.3
Maces & Flails | 1 2 3 |  3.4
Stealth        | |  1.4
Unarmed Combat | |  0.1
Summonings     | |  0.8
Translocations | |  0.8

Action                   |  1- 3 |  4- 6 |  7- 9 || total
-------------------------+-------+-------+-------++-------
Melee: Unarmed           |    10 |       |       ||    10
       Whip              |    58 |   131 |    28 ||   217
       Flail             |       |       |    86 ||    86
       Giant club        |       |       |    23 ||    23
 Cast: Magic Dart        |    72 |    95 |    28 ||   195
       Mephitic Cloud    |     1 |     9 |    13 ||    23
       Call Imp          |     1 |       |    12 ||    13
       Blink             |       |       |     5 ||     5
  Use: Scroll            |       |       |     1 ||     1
 Stab: Confused          |     1 |     3 |     1 ||     5
       Sleeping          |     1 |       |       ||     1
  Eat: Chunk             |     2 |     7 |     5 ||    14
       Meat ration       |       |       |     1 ||     1
Armor: Robe              |    19 |    26 |    26 ||    71
Dodge: Dodged            |    35 |    67 |    75 ||   177
